 Dungeon Crawl Stone Soup version 0.20-a0-313-g10ed074 (webtiles) character file.

3672 Leibowitz the Cutter (level 9, -9/71 HPs)
             Began as a Demigod Gladiator on Dec 20, 2016.
             Mangled by a two-headed ogre
             ... wielding a +0 giant club
              (25 damage)
             ... on level 8 of the Dungeon.
             The game lasted 00:32:25 (8742 turns).

Leibowitz the Cutter (Demigod Gladiator)            Turns: 8742, Time: 00:32:27

Health: -9/71      AC:  6    Str: 20    XL:     9   Next: 59%
Magic:  8/17       EV: 16    Int: 12    God:
Gold:   213        SH:  0    Dex: 18    Spells: 9/14 levels left

rFire  . . .     SeeInvis .     a - +0 rapier
rCold  . . .     Gourm    .     n - +0 leather armour
rNeg   . . .     Faith    .     (no shield)
rPois  .         Spirit   .     c - +0 helmet
rElec  .         Reflect  .     (no cloak)
rCorr  .         Harm     .     (no gloves)
MR     .....                    l - +1 pair of boots
Stlth  +++.......               (no amulet)
                                (no ring)
                                (no ring)

@: very slightly contaminated
A: clumsy 1, high mp 1, screaming 1, wild magic 1
a: no special abilities


You were on level 8 of the Dungeon.
You were very hungry.

You visited 1 branch of the dungeon, and saw 8 of its levels.

You collected 413 gold pieces.
You spent 200 gold pieces at shops.

Inventory:

Hand Weapons
 a - a +0 rapier (weapon)
 b - a +0 blowgun
Missiles
 g - 72 poisoned needles
 w - a throwing net (quivered)
 A - 8 javelins
Armour
 c - a +0 helmet (worn)
 l - a +1 pair of boots (worn)
 n - a +0 leather armour (worn)
Jewellery
 x - an uncursed ring of teleportation
Wands
 o - a wand of iceblast (0/15)
 t - a wand of iceblast (5/15)
Scrolls
 d - a scroll of magic mapping
 e - a scroll of amnesia
 k - 2 scrolls of fog
 r - a scroll of recharging
 y - a scroll of enchant armour
 z - a scroll of remove curse
Potions
 i - 2 potions of curing
 m - 2 potions of brilliance
 s - 2 potions of ambrosia
Books
 j - a book of Party Tricks

   Spells                             Type                      Level
   a - Summon Butterflies             Summoning                    1
   b - Apportation                    Translocation                1
   c - Lesser Beckoning               Translocation                3
   d - Tukima's Dance                 Hexes                        3
   e - Alistair's Intoxication        Transmutation/Poison         5
   f - Invisibility                   Hexes                        6
 q - a book of Maledictions

   Spells                             Type                      Level
   a - Corona                         Hexes                        1
   b - Ensorcelled Hibernation        Hexes/Ice                    2
   c - Confuse                        Hexes                        3
   d - Tukima's Dance                 Hexes                        3
   e - Dazzling Spray                 Conjuration/Hexes            3
 u - a book of Cantrips

   Spells                             Type                      Level
   a - Confusing Touch                Hexes                        1
   b - Animate Skeleton               Necromancy                   1
   c - Summon Small Mammal            Summoning                    1
   d - Apportation                    Translocation                1
 B - a book of Clouds

   Spells                             Type                      Level
   a - Mephitic Cloud                 Conjuration/Poison/Air       3
   b - Conjure Flame                  Conjuration/Fire             3
   c - Poisonous Cloud                Conjuration/Poison/Air       5
   d - Freezing Cloud                 Conjuration/Ice/Air          6
   e - Ring of Flames                 Charms/Fire                  7
 C - a book of Frost

   Spells                             Type                      Level
   a - Freeze                         Ice                          1
   b - Throw Frost                    Conjuration/Ice              2
   c - Ozocubu's Armour               Charms/Ice                   3
   d - Throw Icicle                   Conjuration/Ice              4
   e - Summon Ice Beast               Ice/Summoning                4
 D - a book of Callings

   Spells                             Type                      Level
   a - Summon Small Mammal            Summoning                    1
   b - Call Imp                       Summoning                    2
   c - Call Canine Familiar           Summoning                    3
   d - Summon Guardian Golem          Hexes/Summoning              3
   e - Summon Lightning Spire         Summoning/Air                4
   f - Summon Ice Beast               Ice/Summoning                4
Comestibles
 f - 6 bread rations
 h - 4 meat rations
 p - 3 beef jerkies
 v - a fruit


   Skills:
 + Level 3.8 Fighting
 + Level 6.7 Short Blades
 + Level 3.5 Throwing
 + Level 3.0 Armour
 * Level 6.0 Dodging
 * Level 6.1 Stealth
 * Level 3.4 Spellcasting
 * Level 4.1 Hexes
 + Level 0.5 Evocations


You had 9 spell levels left.
You knew the following spells:

 Your Spells              Type           Power        Failure   Level  Hunger
a - Corona                Hex            ###....      10%         1    #......
b - Confusing Touch       Hex            ###...       10%         1    #......
c - Confuse               Hex            ###.....     21%         3    ###....


Dungeon Overview and Level Annotations

Branches:
Dungeon (8/15)             Temple (0/1) D:4
   Lair: D:8-11

Shops:
D:4 :

Annotations:
D:5 Grinder


Innate Abilities, Weirdness & Mutations

You have an increased reservoir of magic. (+10% MP)
You are clumsy. (Dex -2)
You occasionally shout uncontrollably at your foes.
Your spells are a little harder to cast, but a little more powerful.


Message History

Aiming: Confuse
Press: ? - help, Shift-Dir - straight line, f/p - two-headed ogre
Aim: a two-headed ogre, wielding two giant clubs (chance to defeat MR: 28%)
The two-headed ogre appears confused.
The two-headed ogre hits the goblin with a giant club!!
The goblin is killed!
You strike the helpless two-headed ogre from behind!
You puncture the two-headed ogre!
The two-headed ogre is moderately wounded.
The two-headed ogre hits you with a giant club!!
The two-headed ogre hits you with a giant club!
You barely miss the two-headed ogre.
The two-headed ogre is moderately wounded.
You hit the two-headed ogre but do no damage.
The two-headed ogre is moderately wounded.
The two-headed ogre wonders, "What am I doing in here?"
The two-headed ogre hits you with a giant club!
* * * LOW HITPOINT WARNING * * *
The two-headed ogre hits you with a giant club!!
You die...

################
#........(......
#.##############
#.# ## ###.####
.> #......# # #.
#.#.##.# ##.###.
#@#.##.# #......
#O#.##.#
#......###/#....#
#....$.'...######
#.....g#####
######. .. ...
g..+


You could see a two-headed ogre (confused).

Vanquished Creatures
  A two-headed ogre (D:6)
  Prince Ribbit (D:5)
  Eustachio (D:6)
  A hungry ghost (D:4)
  A water moccasin (D:6)
  A sky beast (D:6)
  An ice beast (D:6)
  A black bear (D:6)
  An orc warrior (D:6)
  2 phantoms
  5 ogres
  5 centaurs (D:6)
  A crocodile (D:6)
  2 bullfrogs
  A wyvern zombie (D:6)
  2 howler monkeys (D:6)
  3 crimson imps
  2 centaur zombies
  2 hounds
  A bullfrog skeleton (D:5)
  An orc priest (D:5)
  An iguana (D:5)
  3 orc wizards
  5 worker ants
  A hound skeleton (D:5)
  A howler monkey skeleton (D:7)
  8 gnolls
  11 adders
  3 shadow imps
  5 oozes
  An adder zombie (D:7)
  3 adder skeletons
  A worm (D:2)
  3 dart slugs
  3 leopard geckos
  21 orcs
  6 bats
  8 giant cockroaches
  7 goblins
  5 hobgoblins
  6 jackals
  2 quokkas
  3 ball pythons
  6 frilled lizards
  9 kobolds
  11 rats
  A plant (D:2)
170 creatures vanquished.

Notes
Turn   | Place    | Note
-------+----------+-------------------------------------------
     0 | D:1      | Leibowitz the Demigod Gladiator began the quest for the Orb.
     0 | D:1      | Reached XP level 1. HP: 17/17 MP: 3/3
   111 | D:1      | Reached XP level 2. HP: 23/24 MP: 4/4
   976 | D:2      | Reached XP level 3. HP: 29/29 MP: 5/5
  1243 | D:2      | Reached skill level 1 in Stealth
  1440 | D:2      | Reached XP level 4. HP: 28/36 MP: 6/6
  2681 | D:4      | Noticed a phantom
  2717 | D:4      | Killed a phantom
  2717 | D:4      | Reached skill level 1 in Armour
  2717 | D:4      | Reached XP level 5. HP: 22/42 MP: 7/7
  2961 | D:4      | Reached XP level 6. HP: 26/50 MP: 8/8
  3045 | D:4      | Noticed a hungry ghost
  3185 | D:4      | Killed a hungry ghost
  3260 | D:4      | Found a staircase to the Ecumenical Temple.
  3512 | D:4      | Learned a level 1 spell: Corona
  4057 | D:4      | Reached XP level 7. HP: 37/56 MP: 9/9
  4058 | D:4      | Found Utokhluq's Book Boutique.
  4236 | D:4      | Bought a book of Cantrips for 200 gold pieces
  4238 | D:4      | Learned a level 1 spell: Confusing Touch
  4333 | D:5      | Entered Level 5 of the Dungeon
  4642 | D:5      | Reached skill level 5 in Short Blades
  4831 | D:5      | Noticed Prince Ribbit
  5117 | D:5      | Reached skill level 1 in Hexes
  5360 | D:5      | Killed Prince Ribbit
  5360 | D:5      | Reached skill level 1 in Spellcasting
  5560 | D:5      | Noticed Grinder
  5995 | D:6      | Reached XP level 8. HP: 26/63 MP: 13/13
  6342 | D:6      | Noticed Eustachio
  6461 | D:6      | Noticed a two-headed ogre
  6494 | D:6      | Killed a two-headed ogre
  6494 | D:6      | Reached skill level 5 in Dodging
  6494 | D:6      | Reached skill level 5 in Stealth
  6821 | D:6      | Reached XP level 9. HP: 39/70 MP: 16/16
  6842 | D:6      | Killed Eustachio
  7035 | D:6      | Gained mutation: You occasionally shout uncontrollably at your foes. [potion of mutation]
  7035 | D:6      | Gained mutation: Your spells are a little harder to cast, but a little more powerful. [potion of mutation]
  7035 | D:6      | Gained mutation: You are clumsy. (Dex -2) [potion of mutation]
  7819 | D:6      | Found an iron altar of Okawaru.
  7822 | D:6      | Found a deep blue altar of Sif Muna.
  8259 | D:7      | Learned a level 3 spell: Confuse
  8352 | D:7      | Found a sparkling altar of Nemelex Xobeh.
  8726 | D:8      | Found a radiant altar of Vehumet.
  8726 | D:8      | Noticed a two-headed ogre
  8742 | D:8      | Mangled by a two-headed ogre

Vault maps used:
D:1:      dpeg_arrival_ratfight, minmay_hedge_maze, hangedman_decor_growths
D:2:      lexackson_kobold_supper
D:3:      first_bread, st_stairs_7
D:4:      serial_shops, shop
D:5:      fedhas_altar_fruit_tree, uniq_grinder, uniq_prince_ribbit1
D:6:      minitemple, uniq_eustachio
D:7:      overflow_temple_1_default
D:8:      vehumet_altar_wand_db

Skill      XL: |  1  2  3  4  5  6  7  8  9 |
---------------+----------------------------+-----
Fighting       | 2 3 |  3.8
Dodging        | 3 4 5 6 |  6.0
Short Blades   | 3 4 5 6 |  6.7
Stealth        | 1 2 3 4 5 6 |  6.1
Armour         | 1 2 3 |  3.0
Throwing       | 2 3 |  3.5
Hexes          | 1 3 4 |  4.1
Spellcasting   | 1 2 3 |  3.4
Evocations     | |  0.5

Action                   |  1- 3 |  4- 6 |  7- 9 || total
-------------------------+-------+-------+-------++-------
Melee: Rapier            |   129 |   241 |   337 ||   707
       Unarmed           |       |       |    28 ||    28
 Fire: Blowgun           |       |    10 |    55 ||    65
Throw: Throwing net      |       |     1 |     2 ||     3
 Cast: Confusing Touch   |       |       |    22 ||    22
       Confuse           |       |       |     5 ||     5
Evoke: Wand              |       |       |     5 ||     5
  Use: Potion            |     1 |     5 |     6 ||    12
       Scroll            |     6 |       |     7 ||    13
 Stab: Sleeping          |     7 |     4 |     8 ||    19
       Confused          |       |       |    13 ||    13
       Held in net/web   |       |       |     1 ||     1
  Eat: Chunk             |     2 |    10 |    13 ||    25
       Pizza             |       |     1 |     1 ||     2
Armor: Leather armour    |    38 |    50 |    58 ||   146
Dodge: Dodged            |   103 |   127 |   251 ||   481
